AoeStats
← goatknobs

Arabia

510002835Analyzed
2v2 RM · 4d ago on Sep 29, 2026· 57m 58s· 4 players
Game mode
Random Map
Map size
Medium (4 player)
Population
200
Speed
Normal
Resources
Standard
Victory
Conquest
Starting age
Dark Age
Ending age
Imperial Age
RankedLock teamsTeams togetherTeam positionsShared explorationLock speedFull tech treeHidden civsTurbo modeCheats
Victory
Defeat
🇦🇺 Hindustanis · Australia
1003
+16
🇹🇷 Celts · Türkiye
928
+18
🇺🇸 Danes · United States
996
-17
🇺🇸 Saxons · United States
988
-17
zombiekiller7
11:59 Feudal Age
12:36 Horse Collar
12:43 Double-Bit Axe
13:09 Loom
18:42 Castle Age
16:45 Man-at-Arms
18:40 Wheelbarrow
20:07 Husbandry
21:28 Scale Barding Armor
21:56 Hand Cart
24:35 Chain Barding Armor
26:53 Stone Mining
30:20 Stone Shaft Mining
33:32 Gold Mining
41:26 Elite Skirmisher
43:37 Forging
44:08 Gold Shaft Mining
46:28 Imperial Age
45:07 Stronghold
46:05 Fletching
46:31 Cavalier
46:36 Capped Ram
47:33 Onager
48:41 Elite Woad Raider
49:41 Siege Ram
53:12 Heavy Plow
54:36 Iron Casting
53:56 Bodkin Arrow
54:01 Padded Archer Armor
Great
10:39 Feudal Age
8:57 Loom
10:43 Feudal Age
14:42 Double-Bit Axe
14:40 Horse Collar
23:47 Castle Age
22:38 Bloodlines
23:04 Scale Barding Armor
24:28 Forging
23:52 Light Cavalry
24:57 Chain Barding Armor
25:05 Bow Saw
26:54 Iron Casting
26:21 Husbandry
27:12 Wheelbarrow
26:43 Heavy Plow
31:43 Fletching
31:41 Elite Skirmisher
33:08 Bodkin Arrow
33:48 Padded Archer Armor
36:00 Leather Archer Armor
39:03 Imperial Age
36:51 Hand Cart
37:33 Grand Trunk Road
38:36 Thumb Ring
38:41 Gold Mining
38:43 Stone Mining
39:42 Ballistics
40:50 Chemistry
40:32 Bracer
42:07 Two-Man Saw
42:16 Town Watch
43:42 Plate Barding Armor
43:40 Hussar
46:42 Blast Furnace
47:04 Ring Archer Armor
47:06 Shatagni
48:52 Gold Shaft Mining
51:37 Conscription
53:17 Stone Shaft Mining
57:04 Masonry
57:58 Siege Engineers
goatknobs
6:40 Loom
9:33 Feudal Age
11:56 Double-Bit Axe
17:20 Fletching
19:39 Castle Age
17:33 Fletching
19:31 Padded Archer Armor
19:33 Scale Mail Armor
20:09 Crossbowman
20:42 Horse Collar
21:45 Forging
22:23 Gambesons
22:59 Town Watch
24:02 Wheelbarrow
26:25 Bow Saw
27:27 Gold Mining
27:27 Stone Mining
27:40 Bodkin Arrow
29:29 Ballistics
30:36 Squires
31:14 Hand Cart
35:22 Imperial Age
33:46 Thumb Ring
35:45 Town Patrol
36:28 Elite Skirmisher
37:06 Arbalester
40:35 Chemistry
39:46 Masonry
40:21 Bracer
40:37 Leather Archer Armor
41:14 Heavy Plow
42:01 Pikeman
42:38 Sappers
43:28 Conscription
43:46 Hoardings
43:17 Halberdier
45:05 Architecture
44:33 Murder Holes
44:06 Elite Varangian Guard
44:28 Elite Varangian Guard
47:03 Ring Archer Armor
46:49 Chain Mail Armor
47:11 Iron Casting
47:45 Crop Rotation
47:58 Shield Wall
51:36 Two-Man Saw
51:11 Halberdier
52:29 Plate Mail Armor
55:32 Elite Hearth Troop
56:51 Scale Barding Armor
Mambo
11:39 Feudal Age
9:56 Loom
18:45 Castle Age
16:57 Horse Collar
17:19 Double-Bit Axe
23:35 Heavy Plow
23:52 Pikeman
24:55 Forging
27:14 Iron Casting
27:42 Squires
33:11 Man-at-Arms
34:22 Bow Saw
34:15 Gambesons
34:00 Long Swordsman
34:54 Scale Mail Armor
37:27 Gambesons
39:23 Wheelbarrow
41:34 Chain Mail Armor
48:55 Imperial Age
47:13 Masonry
47:11 Arson
48:19 Wheelbarrow
49:45 Siege Engineers
50:38 Two-Handed Swordsman
51:24 Northmen's Fury
52:34 Onager
53:12 Onager
56:01 Hand Cart
Connection lost

Rejoining the realm…

Still unreachable

The connection could not be restored.

Session expired

The server has moved on; the page needs a fresh start.